Map: [ESL] Oceanborn

Players

SHIN

  • Race: Zerg Zerg
  • Spawn Location: 11:00

Lambo - Winner!

  • Race: Zerg Zerg
  • Spawn Location: 5:00

Event: ESL SC2 Masters 2023 Winter (Finals)

VOD

Have the link to the VOD?

Description

Time

  • Played on: Dec. 16, 2023, 11:08 a.m.
  • Length: 11:04

All games in this series

Show
View Real Time Build Order
Export as new Build Order

SHIN Zerg 

Build Orders: Hatch First 

Get SALT Encoding   

  12  0:00  Drone  
  13  0:08  Drone  
  14  0:16  Overlord  
  14  0:34  Drone x2  
  16  0:46  Hatchery  
  15  0:51  Drone  
  15  0:54  Drone  
  17  0:57  Drone  
  18  1:08  Extractor  
  17  1:13  Spawning Pool  
  17  1:16  Drone  
  17  1:19  Drone  
  18  1:28  Drone  
  19  1:39  Drone  
  20  1:50  Drone  
  21  1:59  Drone, Queen x2  
  21  2:01  Zergling x2  
  27  2:07  Metabolic Boost  
  27  2:09  Overlord  
  27  2:11  Drone  
  28  2:27  Hatchery  
  28  2:29  Drone  
  28  2:31  Drone  
  28  2:34  Drone  
  30  2:37  Drone  
  30  2:44  Baneling Nest  
  30  2:45  Drone  
  30  2:48  Drone  
  32  2:52  Overlord  
  32  2:58  Queen  
  32  3:04  Zergling x4  
  36  3:11  Zergling x6  
  39  3:13  Drone  
  39  3:14  Drone  
  39  3:18  Drone  
  39  3:19  Drone  
  43  3:20  Drone  
  44  3:27  Roach Warren  
  44  3:30  Baneling  
  44  3:33  Overlord  
  43  3:36  Overlord  
  43  3:38  Drone  
  44  3:44  Drone x2  
  44  3:45  Drone  
  44  3:47  Overlord  
  46  3:50  Drone  
  46  3:53  Drone x2  
  48  3:56  Extractor  
  48  3:57  Drone x2  
  49  4:02  Evolution Chamber  
  49  4:05  Drone x2  
  49  4:09  Lair  
  50  4:17  Drone x5  
  50  4:21  Drone x2  
  57  4:26  Overlord  
  57  4:28  Zerg Missile Weapons Level 1  
  57  4:30  Zergling x2  
  58  4:33  Extractor  
  58  4:37  Drone x3  
  60  4:39  Overlord  
  60  4:43  Roach x3  
  67  4:45  Roach  
  67  4:48  Overlord  
  67  4:52  Roach x2  
  71  4:56  Roach  
  75  5:00  Roach  
  75  5:02  Roach  
  75  5:04  Roach, Overlord  
  81  5:09  Drone x2  
  81  5:12  Glial Reconstitution  
  79  5:15  Drone x5  
  79  5:18  Extractor  
  83  5:24  Overlord  
  83  5:25  Roach x4  
  83  5:28  Roach  
  93  5:31  Roach, Overlord  
  93  5:34  Overlord  
  95  5:38  Overlord  
  95  5:39  Roach  
  97  5:43  Roach x2  
  97  5:45  Overlord  
  100  5:50  Roach x3  
  100  5:51  Overseer  
  100  5:54  Roach  
  109  5:57  Roach  
  109  6:00  Roach, Overlord  
  109  6:01  Roach  
  109  6:03  Roach  
  115  6:07  Roach  
  115  6:08  Roach  
  119  6:12  Roach x2  
  119  6:15  Roach  
  119  6:17  Roach  
  127  6:21  Overlord  
  127  6:22  Roach x2  
  127  6:23  Overlord  
  127  6:24  Roach  
  133  6:27  Roach  
  133  6:29  Drone x2  
  137  6:34  Overlord  
  137  6:35  Roach x2  
  137  6:38  Roach, Overlord  
  143  6:42  Roach x2  
  147  6:51  Hatchery  
  146  6:55  Zerg Missile Weapons Level 2  
  146  6:56  Zergling x2  
  146  6:57  Roach  
  146  7:00  Roach  
  151  7:02  Roach  
  151  7:05  Extractor, Roach  
  151  7:07  Overlord  
  151  7:08  Roach  
  156  7:09  Roach  
  156  7:14  Roach x2  
  156  7:15  Roach  
  156  7:18  Roach  
  156  7:19  Roach  
  156  7:21  Roach  
  132  7:22  Roach  
  132  7:24  Roach  
  132  7:27  Roach  
  121  7:31  Roach x2  
  121  7:33  Roach  
  121  7:36  Roach  
  113  7:37  Zergling x6  
  113  7:38  Zergling x2  
  113  7:40  Roach  
  113  7:41  Roach  
  113  7:43  Roach  
  109  7:47  Drone x2  
  109  7:50  Roach  
  113  7:52  Roach  
  113  7:55  Roach  
  117  8:01  Roach, Ravager  
  117  8:03  Roach  
  124  8:05  Roach  
  124  8:06  Roach x2, Overlord  
  124  8:10  Roach  
  124  8:12  Overlord  
  130  8:14  Roach  
  130  8:15  Roach  
  130  8:16  Ravager  
  135  8:20  Roach  
  135  8:21  Overlord  
  135  8:24  Roach x3  
  135  8:26  Drone x2  
  142  8:30  Roach  
  144  8:35  Roach x3  
  144  8:38  Roach  
  144  8:39  Roach  
  144  8:40  Roach  
  156  8:46  Roach x3  
  162  8:50  Roach  
  162  8:53  Roach x3  
  170  8:57  Extractor, Roach  
  170  9:00  Roach x2  
  175  9:03  Roach x2  
  175  9:05  Baneling x2  
  175  9:06  Roach  
  181  9:11  Roach x2  
  181  9:12  Roach  
  181  9:15  Roach  
  187  9:18  Roach x2  
  187  9:21  Roach  
  185  9:27  Roach x3  
  154  9:32  Roach  
  154  9:33  Roach x2  
  154  9:38  Roach x3  
  132  9:40  Drone  
  132  9:43  Burrow  
  129  9:47  Drone x2  
  129  9:50  Roach  
  129  9:51  Overseer, Roach  
  135  9:57  Roach x2  
  135  9:59  Drone  
  141  10:00  Drone x2  
  141  10:02  Ravager  
  141  10:03  Ravager  
  141  10:04  Roach  
  141  10:05  Roach  
  148  10:08  Queen  
  148  10:11  Roach x2  
  154  10:16  Ravager x2  
  154  10:17  Drone x2  
  154  10:18  Drone  
  154  10:19  Extractor  
  158  10:22  Drone  
  158  10:24  Roach  
  158  10:25  Roach x2  
  158  10:26  Ravager  
  166  10:30  Roach x2  
  166  10:34  Roach x3  
  176  10:39  Roach x3  
  180  10:45  Roach x3  
  180  10:47  Ravager  
Show
View Real Time Build Order
Export as new Build Order

Lambo Zerg - Winner!

Build Orders: Hatch First 

Get SALT Encoding   

  12  0:00  Drone  
  13  0:12  Overlord  
  13  0:16  Drone  
  14  0:30  Drone x2  
  16  0:47  Hatchery  
  15  0:51  Drone  
  15  0:54  Drone  
  17  0:57  Drone  
  18  1:07  Extractor  
  17  1:12  Spawning Pool  
  17  1:15  Drone  
  17  1:19  Drone  
  18  1:27  Drone  
  19  1:38  Drone  
  20  1:48  Drone  
  21  1:59  Zergling x2, Queen x2  
  21  2:00  Overlord  
  26  2:08  Metabolic Boost  
  26  2:09  Drone  
  26  2:10  Drone  
  28  2:20  Drone  
  28  2:21  Drone  
  30  2:31  Drone  
  30  2:33  Zergling x2  
  32  2:37  Hatchery  
  32  2:42  Drone  
  32  2:46  Baneling Nest  
  32  2:48  Overlord  
  31  2:54  Drone x2  
  33  3:03  Zergling x2  
  34  3:06  Drone  
  34  3:09  Zergling x4, Drone x3  
  34  3:12  Drone  
  41  3:17  Zergling x2  
  41  3:19  Overlord  
  42  3:24  Queen  
  44  3:30  Roach Warren  
  44  3:31  Baneling  
  43  3:36  Drone, Extractor  
  43  3:39  Drone x3  
  46  3:42  Drone  
  46  3:43  Drone  
  46  3:47  Drone x2  
  49  3:48  Baneling  
  49  3:50  Drone  
  49  3:53  Drone  
  49  3:55  Drone x2  
  53  3:59  Overlord  
  53  4:01  Drone  
  54  4:04  Overlord  
  54  4:12  Roach  
  54  4:16  Overlord  
  56  4:19  Roach x4  
  56  4:24  Roach x2  
  68  4:30  Drone x2  
  70  4:32  Lair  
  70  4:34  Extractor  
  70  4:37  Drone x2  
  71  4:38  Drone x2  
  71  4:41  Drone x3  
  71  4:43  Drone  
  71  4:45  Extractor  
  76  4:49  Baneling  
  76  4:53  Drone x4, Evolution Chamber  
  76  4:56  Drone x2  
  81  5:06  Drone x2  
  81  5:11  Overlord  
  81  5:13  Overlord  
  81  5:14  Extractor  
  81  5:15  Drone  
  81  5:16  Extractor, Overlord  
  81  5:19  Zerg Missile Weapons Level 1  
  81  5:20  Overlord  
  80  5:22  Roach  
  80  5:25  Overlord  
  82  5:29  Glial Reconstitution  
  82  5:31  Roach x4  
  82  5:35  Roach x3  
  96  5:40  Roach x3  
  102  5:46  Roach x3  
  108  5:51  Roach x3  
  108  5:54  Overlord  
  114  5:57  Overlord  
  114  5:59  Overlord  
  114  6:01  Overlord  
  114  6:02  Overlord  
  114  6:12  Overlord  
  114  6:14  Overlord  
  114  6:19  Roach x6  
  114  6:24  Roach x3  
  132  6:28  Roach  
  132  6:29  Roach  
  132  6:32  Roach x3  
  142  6:34  Roach  
  142  6:38  Ravager x3  
  142  6:39  Roach  
  149  6:44  Roach x2  
  149  6:45  Roach  
  155  6:48  Roach x2  
  155  6:53  Roach  
  155  6:54  Roach x3  
  166  6:57  Overlord  
  166  7:00  Overlord  
  166  7:01  Roach  
  166  7:15  Roach x4  
  166  7:16  Roach  
  166  7:19  Roach x4  
  166  7:21  Roach  
  156  7:24  Roach  
  156  7:27  Roach x3  
  156  7:29  Roach x2  
  145  7:33  Roach x2  
  131  7:37  Roach  
  131  7:39  Roach  
  131  7:43  Roach x2  
  127  7:50  Zerg Missile Weapons Level 2  
  123  7:51  Drone x2  
  125  7:59  Drone x10  
  125  8:04  Pneumatized Carapace  
  135  8:12  Overlord  
  135  8:14  Roach x2  
  143  8:20  Roach x3  
  143  8:21  Evolution Chamber, Hatchery  
  143  8:23  Overseer  
  143  8:27  Roach  
  143  8:28  Roach x2  
  143  8:31  Roach x2  
  152  8:35  Roach x2  
  152  8:39  Ravager  
  152  8:40  Ravager x3  
  160  8:44  Roach x2  
  164  8:51  Roach x5  
  174  8:59  Roach x5  
  184  9:08  Roach x4  
  192  9:12  Overlord  
  192  9:16  Roach  
  186  9:25  Roach x6  
  186  9:27  Roach  
  186  9:28  Roach  
  163  9:31  Roach  
  163  9:37  Roach x3  
  147  9:42  Drone  
  147  9:43  Drone x3  
  148  9:46  Drone x2  
  148  9:48  Roach  
  148  9:49  Ravager x2  
  148  9:50  Ravager  
  155  9:54  Drone x2  
  155  9:55  Roach  
  155  9:56  Ravager  
  162  10:00  Roach x2  
  162  10:05  Roach x2  
  168  10:09  Drone  
  168  10:10  Roach x2, Ravager  
  168  10:13  Roach  
  168  10:14  Roach  
  178  10:16  Drone  
  178  10:19  Roach  
  178  10:20  Roach  
  183  10:22  Roach x2  
  183  10:26  Overseer x2  
  187  10:28  Roach  
  187  10:29  Roach  
  187  10:30  Roach  
  187  10:33  Roach x2  
  187  10:34  Roach  
  199  10:45  Roach x3  
Tags
 
Add a new tag
Caveats
  • Supply blocks, unpowered buildings, or Contaminate may cause inaccurate times.
  • Supply counts are checked every 10 seconds.